 Dungeon Crawl Stone Soup version 0.27-a0-1123-g2f9bb313c0 (webtiles) character file.

Game seed: 10189325350602668039

639 Zeld the Skirmisher (level 7, -12/49 (50) HPs)
             Began as an Octopode Fighter on May 3, 2021.
             Was a Follower of Okawaru.
             Mangled by an iguana (14 damage)
             ... on level 5 of the Dungeon.
             The game lasted 00:11:40 (5939 turns).

Zeld the Skirmisher (Octopode Fighter)              Turns: 5939, Time: 00:11:41

HP:   -12/49 (50)   AC:  1    Str: 17    XL:     7   Next: 51%
MP:   7/7           EV: 11    Int: 11    God:    Okawaru [*.....]
Gold: 176           SH:  9    Dex: 11    Spells: 6/6 levels left

rFire    . . .     SeeInvis .   a - +0 war axe
rCold    . . .     Faith    .   b - +0 kite shield
rNeg     . . .     Spirit   .   (helmet restricted)
rPois    .         Reflect  .   (no amulet)
rElec    .         Harm     .   (no ring)
rCorr    .         Rampage  .   (no ring)
Will     .....                  (no ring)
Stlth    ++........             (no ring)
HPRegen  0.16/turn              (no ring)
MPRegen  0.10/turn              (no ring)
                                (no ring)
                                (no ring)

@: lightly drained
A: almost no armour, amphibious, 8 rings, camouflage 1, gelatinous body 1,
(nimble swimmer 1), tentacles
a: Renounce Religion, Heroism


You were on level 5 of the Dungeon.
You worshipped Okawaru.
Okawaru was aware of your devotion.
You visited 1 branch of the dungeon, and saw 5 of its levels.

You collected 274 gold pieces.
You spent 98 gold pieces at shops.

Inventory:

Hand Weapons
 a - a +0 war axe (weapon)
Missiles
 l - 3 boomerangs (quivered)
Armour
 b - a +0 kite shield (worn)
Wands
 g - a wand of iceblast (9)
Scrolls
 k - a scroll of teleportation
 r - 2 scrolls of amnesia
Potions
 c - 3 potions of might
 d - a potion of heal wounds {unknown}
 e - a potion of berserk rage {unknown}
 f - a potion of resistance {unknown}
 h - a potion of cancellation {unknown}
 i - a potion of mutation {unknown}
 j - a potion of lignification {unknown}
 n - 2 potions of curing {unknown}
 o - a potion of degeneration {unknown}
 p - 2 potions of magic {unknown}
 q - 2 potions of flight {unknown}


   Skills:
 * Level 5.4 Fighting
 * Level 4.9 Axes
 - Level 3.0 Dodging
 * Level 5.4 Shields


You had 6 spell levels left.
You didn't know any spells.
Your spell library contained the following spells:

 Spells                   Type           Power      Damage    Failure   Level
 Animate Skeleton         Necr           0%         N/A       77%         1
 Magic Dart               Conj           0%         1d3       77%         1
 Pain                     Necr           0%         1d4       77%         1
 Shock                    Conj/Air       0%         1d3       77%         1
 Searing Ray              Conj           0%         3d3       88%         2
 Static Discharge         Conj/Air       0%         N/A       88%         2
 Dazzling Flash           Conj/Hex       0%         N/A       98%         3
 Swiftness                Air            0%         N/A       98%         3
 Vampiric Draining        Necr           0%         2d6       98%         3
 Airstrike                Air            0%         N/A       100%        4
 Animate Dead             Necr           0%         N/A       100%        4
 Fulminant Prism          Conj/Hex       0%         3d6       100%        4
 Iskenderun's Mystic Bla  Conj/Tloc      0%         2d3       100%        4
 Agony                    Necr           0%         N/A       100%        5
 Lightning Bolt           Conj/Air       0%         1d11      100%        5


Dungeon Overview and Level Annotations

Branches:
Dungeon (5/15)
 Temple: D:4-7

Altars:
Hepliaklqana
Kikubaaqudgha
Okawaru
Wu Jian
Yredelemnul
Zin
The Shining One

Shops:
D:2 :?([


Innate Abilities, Weirdness & Mutations

You cannot wear most types of armour.
You are amphibious.
You can wear up to eight rings at the same time.
Your skin changes colour to match your surroundings (Stealth+).
Your rubbery body absorbs attacks. (AC +1, EV +1)
((You are camouflaged near water. (Stealth+)))
You have tentacles for arms and can constrict up to eight enemies at once.


Message History

You climb downwards.
There is a stone staircase leading up here.
There is an open door here.
You see here a +0 spear.
There is a stone staircase leading down here.
You climb downwards.
An iguana, a necrophage, a dart slug and a howler monkey come into view.
The iguana hisses angrily.
There is a stone staircase leading up here.
Found an escape hatch in the ceiling.
You hit the necrophage. Your grab misses the necrophage.
The necrophage is lightly damaged.
The necrophage hits you.
You feel drained.
You closely miss the necrophage. You grab the necrophage.
You constrict the necrophage. You block the necrophage's attack.
The necrophage hits you but does no damage.
You hit the necrophage.
The necrophage is lightly damaged.
You hit the iguana. You constrict the necrophage.
You block the iguana's attack. The necrophage closely misses you.
The iguana bites you!
You slash the necrophage!
The necrophage is severely damaged.
You slash the iguana! You constrict the necrophage. The necrophage hits you.
The iguana bites you!
* * * LOW HITPOINT WARNING * * *
The necrophage hits you!
* * * LOW HITPOINT WARNING * * *
Okay, then.
This is a scroll of acquirement!
Something appears before you!
You constrict the necrophage. You block the iguana's attack.
The necrophage hits you.
* * * LOW HITPOINT WARNING * * *
As you read the scroll labelled VOTHRE DUREB, it crumbles to dust.
It is a scroll of amnesia.
You feel forgetful for a moment.
You constrict the necrophage.
You destroy the necrophage!
Okawaru accepts your kill. The iguana bites you!
You die...

#...
#..#..#h###. #
...#..#..#. #
...........
... ..........
### .........#
# .........#
.........#
.......w.###
..##...@...#
#....l...#
#.........#
#.........#
...........#
##..........#
............#
..<...........


You could see an iguana and a dart slug.

Vanquished Creatures
  Menkaure (D:4)
  A necrophage (D:5)
  2 scorpions
  A killer bee (D:4)
  A jelly (D:4)
  2 orc priests (D:4)
  Ijyb (D:4)
  8 gnolls
  7 adders
  A river rat (D:4)
  2 worms
  A dart slug (D:3)
  3 orcs
  9 endoplasms
  13 giant cockroaches (D:2)
  6 goblins
  5 hobgoblins
  3 jackals (D:2)
  5 quokkas
  5 ball pythons
  A bat (D:2)
  5 frilled lizards
  5 kobolds
  2 rats
90 creatures vanquished.

Notes
Turn   | Place    | Note
-------+----------+-------------------------------------------
     0 | D:1      | Zeld the Octopode Fighter began the quest for the Orb.
     0 | D:1      | Reached XP level 1. HP: 16/16 MP: 1/1
    31 | D:1      | Found a faded altar of an unknown god.
   269 | D:1      | Reached XP level 2. HP: 14/21 MP: 2/2
   792 | D:2      | Found a glowing silver altar of Zin.
   810 | D:2      | Found Datooxus's Magic Scroll Emporium.
   817 | D:2      | Reached XP level 3. HP: 22/26 MP: 3/3
   819 | D:2      | Bought a scroll of identify for 28 gold pieces
   875 | D:2      | Found Raiherug's Book Shoppe.
  1264 | D:2      | Reached XP level 4. HP: 25/33 MP: 4/4
  1611 | D:2      | Found Qecleyd's Antique Weapon Shop.
  1705 | D:2      | Found Loumm's Antique Armour Shoppe.
  2368 | D:2      | Bought a scroll of teleportation for 42 gold pieces
  2368 | D:2      | Bought a scroll of identify for 28 gold pieces
  2392 | D:3      | Noticed a scorpion
  2395 | D:3      | Killed a scorpion
  2396 | D:3      | Reached XP level 5. HP: 37/37 MP: 5/5
  2811 | D:3      | Found an ancient bone altar of Kikubaaqudgha.
  2813 | D:3      | Found an ornate altar of the Wu Jian Council.
  2911 | D:3      | Found a glowing golden altar of the Shining One.
  2913 | D:3      | Noticed an angel
  3308 | D:3      | Found an iron altar of Okawaru.
  3312 | D:3      | Found a hazy altar of Hepliaklqana.
  3484 | D:3      | Found a basalt altar of Yredelemnul.
  3486 | D:3      | Noticed a profane servitor
  3748 | D:3      | Reached XP level 6. HP: 44/44 MP: 6/6
  4038 | D:3      | Became a worshipper of Warmaster Okawaru
  4208 | D:4      | Noticed Menkaure
  4215 | D:4      | Killed Menkaure
  4306 | D:4      | Reached skill level 5 in Fighting
  4306 | D:4      | Reached skill level 5 in Shields
  4306 | D:4      | Reached XP level 7. HP: 17/50 MP: 7/7
  4521 | D:4      | You fall into a shaft and drop 1 floor!
  4521 | D:5      | Entered Level 5 of the Dungeon
  4952 | D:4      | Noticed Ijyb
  4958 | D:4      | Killed Ijyb
  5628 | D:4      | Reached * piety under Okawaru
  5938 | D:5      | Identified a scroll of acquirement
  5938 | D:5      | Acquired the +3 hat of Hed Rali {Harm rF+ rCorr Int+2}
  5938 | D:5      | HP: 2/49 [necrophage (2)]
  5939 | D:5      | Mangled by an iguana

Illustrated notes

Levels and vault maps discovered:
D:1:      lemuel_arrival_muddy, layout_rooms, chequers_ecumenical_altar_island,
          chequers_serial_rivers_micro_a
D:2:      minmay_roachtagon, layout_basic, serial_shops, shop_coins,
          nicolae_shop_overgrown_old_shop, nicolae_shop_waterfront,
          nicolae_shop_stone, basic_altar, kennysheep_generic_room_12
D:3:      layout_loops_corners, nicolae_overflow_hidden_temple,
          grunt_temple_overflow_holy_war, jmf_multi_god_temple
D:4:      layout_basic, portal_sewer_entry_b, minmay_cupped, uniq_ijyb,
          uniq_menkaure
D:5:      layout_rooms

Skill      XL: |  1  2  3  4  5  6 |
---------------+-------------------+-----
Axes           | 3 4 |  4.9
Fighting       | 4 5 |  5.4
Shields        | 4 5 |  5.4
Dodging        | |  3.0

Action                   |  1- 3 |  4- 6 |  7- 9 || total
-------------------------+-------+-------+-------++-------
Melee: War axe           |    43 |    98 |    35 ||   176
       Tentacles         |    10 |    21 |     4 ||    35
       Constrict         |     9 |    26 |    10 ||    45
Throw: Boomerang         |       |       |     1 ||     1
  Use: Scroll            |       |     2 |     4 ||     6
       Potion            |       |     2 |       ||     2
 Stab: Sleeping          |     5 |     8 |     1 ||    14
Armor: Skin              |     1 |     5 |     2 ||     8
Dodge: Dodged            |    15 |    35 |    18 ||    68
Block: Kite shield       |    18 |    35 |    24 ||    77

Table legend: (Time is in decaauts)
 A = Elapsed time spent in this place.
 B = Non-inter-level travel time spent in this place.
 C = Inter-level travel time spent in this place.
 D = Time resting spent in this place.
 E = Time spent auto-exploring this place.
 F = Levels seen in this place.
 G = Mean time per level.
                   A        B        C        D        E       F      G
               +--------+--------+--------+--------+--------+-----+--------+
         Total |   6038 |   5657 |    381 |    689 |   3871 |   5 | 1207.6 |
       Dungeon |   6038 |   5657 |    381 |    689 |   3871 |   5 | 1207.6 |
               +--------+--------+--------+--------+--------+-----+--------+

Top non-repeatable levels by time:
     D:4: 1807 daAuts
     D:3: 1746 daAuts
     D:2: 1710 daAuts
     D:1: 754 daAuts
     D:5: 20 daAuts
